Map: Prion Terraces

Players

SquidGunZ - Winner!

  • Race: Terran Terran
  • League: Diamond

MorN

  • Race: Terran Terran
  • League: Master

VOD

Have the link to the VOD?

Description

Time

  • Played on: Nov. 17, 2015, 7:12 p.m.
  • Length: 13:39
Show
View Real Time Build Order
Export as new Build Order

SquidGunZ Terran - Winner!

Build Orders: Reaper Expand, Bio Tank, Hellion Banshee 

Get SALT Encoding   

  12  0:00  SCV  
  13  0:13  SCV  
  14  0:18  Supply Depot  
  14  0:25  SCV  
  15  0:37  Refinery  
  15  0:39  SCV  
  16  0:45  Barracks  
  16  0:51  SCV  
  17  1:03  SCV  
  18  1:15  SCV  
  19  1:31  Orbital Command  
  19  1:32  Reaper  
  20  1:44  Command Center  
  20  1:50  Supply Depot  
  20  1:57  SCV  
  21  2:06  Factory  
  21  2:09  SCV  
  21  2:14  Barracks Reactor  
  22  2:21  SCV  
  23  2:33  SCV  
  24  2:45  SCV  
  25  2:58  Refinery  
  25  3:02  SCV, Starport  
  25  3:03  Orbital Command  
  25  3:04  Barracks Tech Lab  
  30  3:05  Hellion x2  
  30  3:13  Supply Depot  
  30  3:14  SCV  
  31  3:26  SCV  
  32  3:27  Engineering Bay  
  32  3:28  Hellion x2  
  32  3:33  SCV  
  37  3:42  SCV  
  38  3:50  Viking  
  38  3:54  SCV, Missile Turret  
  41  3:56  Missile Turret  
  41  3:57  Hellion x2  
  41  4:01  Cloaking Field  
  45  4:03  SCV  
  45  4:07  SCV  
  47  4:10  Barracks Tech Lab  
  47  4:15  SCV  
  48  4:17  Supply Depot  
  48  4:19  SCV  
  48  4:23  Banshee  
  52  4:28  SCV  
  52  4:31  SCV  
  54  4:32  Refinery  
  54  4:34  Refinery  
  54  4:37  Stimpack  
  54  4:40  SCV  
  54  4:43  SCV  
  54  4:44  Supply Depot  
  56  4:49  Barracks  
  56  4:52  SCV  
  57  4:53  Factory Tech Lab  
  57  4:55  SCV  
  57  5:04  SCV  
  57  5:07  SCV  
  58  5:16  SCV  
  58  5:26  SCV  
  59  5:30  Siege Tank  
  59  5:33  SCV  
  63  5:38  SCV  
  64  5:46  SCV  
  62  5:58  SCV x2, Barracks  
  62  6:01  Barracks x2  
  62  6:02  Starport Reactor  
  62  6:04  Barracks  
  64  6:05  Siege Tank  
  64  6:10  SCV  
  64  6:11  SCV  
  69  6:13  Marine  
  69  6:15  Missile Turret  
  70  6:19  Terran Infantry Weapons Level 1  
  70  6:20  Marine  
  70  6:23  SCV, Engineering Bay  
  70  6:25  Command Center  
  72  6:28  Armory  
  72  6:30  Missile Turret  
  72  6:31  Marine  
  73  6:35  SCV x2  
  75  6:41  Medivac  
  77  6:51  Medivac  
  77  6:52  Supply Depot, Concussive Shells  
  77  6:53  Supply Depot  
  79  6:57  Barracks Reactor x3  
  79  7:02  SCV x2  
  79  7:05  Combat Shields  
  79  7:06  Marine x2  
  79  7:07  Marine  
  84  7:14  Medivac  
  86  7:19  Marine  
  86  7:21  SCV, Medivac  
  91  7:22  SCV  
  91  7:24  Marine x2  
  93  7:34  Marine x5  
  93  7:35  Marine x2  
  93  7:37  Marine  
  100  7:39  Supply Depot  
  100  7:41  Siege Tank  
  104  7:44  Orbital Command  
  104  7:45  Medivac  
  104  7:50  SCV  
  107  7:51  Medivac  
  107  7:52  SCV  
  107  7:58  Marine x2  
  111  7:59  Marine  
  111  8:03  Terran Infantry Armor Level 1  
  114  8:05  SCV x2  
  114  8:12  SCV  
  116  8:13  Siege Tank  
  116  8:17  SCV, Marine x2  
  116  8:18  SCV  
  124  8:39  Orbital Command  
  123  8:57  Medivac  
  125  9:05  Medivac  
  125  9:06  Siege Tank  
  115  9:10  Marine x2  
  114  9:19  Marine x2  
  114  9:20  Terran Infantry Weapons Level 2  
  116  9:25  SCV x3, Factory  
  116  9:26  Barracks  
  116  9:27  Refinery  
  116  9:28  Refinery  
  116  9:29  Barracks  
  116  9:30  Marine x3  
  122  9:39  Command Center  
  122  9:41  Supply Depot  
  122  9:42  Supply Depot  
  122  9:45  Marine x3  
  122  9:46  Siege Tank  
  122  9:51  Barracks  
  128  10:03  Marine x2  
  128  10:04  Marine x2  
  132  10:08  Marine x4, Medivac x2  
  132  10:09  Factory Tech Lab  
  140  10:14  Barracks Tech Lab  
  140  10:16  Terran Infantry Armor Level 2  
  140  10:17  Marine x3  
  140  10:18  Siege Tank  
  146  10:24  Marine x3  
  149  10:44  Siege Tank, Marine x2  
  149  10:45  Marine x3  
  149  10:46  SCV  
  149  10:47  Marine x3  
  161  10:50  Supply Depot  
  161  10:51  Supply Depot, Siege Tank  
  132  11:03  Liberator x2  
  132  11:04  Planetary Fortress  
  132  11:08  Missile Turret  
  132  11:16  Siege Tank, Marine x6  
  132  11:17  Marine x3  
  148  11:23  Siege Tank  
  153  11:26  Starport  
  153  11:33  Marine  
  153  11:34  Marine x3  
  153  11:35  Marine x3  
  160  11:45  Marine x5  
  165  11:49  Siege Tank  
  165  11:51  Marine x2  
  165  11:52  Marine x2  
  165  11:53  Marine  
  173  11:54  Marine x2  
  173  11:58  SCV  
  173  11:59  SCV x2, Refinery x2  
  178  12:02  Marine  
  178  12:03  Marine x4  
  178  12:05  Siege Tank  
  186  12:12  SCV  
  155  12:21  Marine x5  
  155  12:22  Marine x7  
  164  12:24  Siege Tank  
  170  12:33  Starport Reactor  
  170  12:39  Marine x5  
  175  12:45  Marine x6  
  175  12:46  Marine  
  182  12:52  Supply Depot  
  182  12:56  Marine  
  182  12:57  Marine x4  
  184  13:12  Marine x2  
Show
View Real Time Build Order
Export as new Build Order

MorN Terran 

Build Orders: MMM Bio, Banshee Rush 

Get SALT Encoding   

  12  0:00  SCV  
  13  0:12  SCV  
  14  0:17  Supply Depot  
  14  0:26  Refinery  
  14  0:27  SCV  
  15  0:41  Barracks  
  15  0:44  SCV  
  16  0:56  SCV  
  17  1:08  SCV  
  18  1:28  Marine  
  18  1:29  Orbital Command  
  19  1:42  Command Center  
  19  1:52  Factory  
  19  1:56  SCV  
  19  2:00  Marine  
  21  2:09  Supply Depot  
  21  2:11  SCV  
  22  2:18  Marine  
  23  2:28  Refinery  
  23  2:31  SCV  
  24  2:39  Starport  
  24  2:41  Marine  
  23  2:53  Factory Tech Lab  
  23  2:55  SCV, Orbital Command  
  24  2:59  Marine  
  25  3:07  SCV  
  26  3:19  SCV  
  27  3:20  Factory Reactor  
  27  3:23  SCV  
  27  3:25  Banshee  
  31  3:28  Cloaking Field  
  31  3:32  SCV  
  32  3:35  SCV  
  32  3:37  Supply Depot  
  32  3:41  Marine  
  34  3:44  SCV  
  34  3:47  SCV  
  36  3:56  SCV  
  36  3:59  SCV  
  38  4:07  Factory Tech Lab  
  38  4:08  SCV, Raven  
  41  4:10  Marine x2  
  41  4:11  SCV  
  41  4:14  Supply Depot  
  44  4:20  SCV  
  44  4:23  SCV  
  46  4:26  Command Center  
  46  4:28  Marine x2  
  48  4:32  SCV  
  48  4:33  Siege Tank  
  48  4:35  SCV  
  53  4:44  Supply Depot, SCV  
  54  4:58  SCV  
  54  4:59  Marine x2  
  57  5:02  Viking  
  59  5:07  SCV  
  59  5:09  Refinery  
  59  5:10  SCV  
  61  5:23  Marine x2  
  63  5:28  SCV  
  63  5:31  Siege Tank  
  63  5:34  SCV  
  68  5:37  Supply Depot  
  68  5:42  SCV  
  66  5:46  SCV  
  66  5:47  Engineering Bay, Orbital Command  
  65  5:58  SCV x2, Barracks  
  65  6:00  Barracks, Starport Reactor  
  65  6:01  Engineering Bay  
  65  6:02  Engineering Bay  
  65  6:03  Refinery  
  67  6:05  Siege Tank  
  67  6:06  Supply Depot  
  67  6:07  Stimpack  
  67  6:10  SCV  
  71  6:11  SCV  
  71  6:13  Supply Depot  
  71  6:16  Terran Infantry Weapons Level 1  
  72  6:22  SCV  
  72  6:23  SCV  
  74  6:26  Marine  
  74  6:30  Terran Infantry Armor Level 1  
  74  6:31  Barracks x2  
  75  6:33  Supply Depot  
  75  6:35  SCV x2  
  77  6:44  Marine  
  77  6:46  Starport Reactor  
  78  6:48  Marine x2  
  80  6:56  Marine x2  
  80  6:59  SCV  
  80  7:00  Orbital Command  
  83  7:02  Marine  
  83  7:06  Marine x2  
  86  7:09  SCV  
  86  7:11  SCV  
  86  7:13  Marine  
  86  7:14  Marine  
  90  7:20  Barracks Reactor, Marine  
  90  7:21  Supply Depot, Siege Tank  
  94  7:23  Supply Depot  
  94  7:24  Marine x2  
  97  7:31  Marine x2  
  99  7:37  Marine  
  99  7:39  Barracks Reactor  
  99  7:41  Armory  
  99  7:42  Supply Depot, Marine x2  
  101  7:47  Medivac x2  
  101  7:49  Marine x2  
  101  7:50  Sensor Tower  
  107  7:55  Marine  
  107  7:57  SCV x2  
  107  7:58  Supply Depot x2, SCV  
  110  8:00  Marine x2  
  110  8:02  Refinery, Marine x2  
  115  8:07  Combat Shields, Marine x2  
  117  8:13  Marine  
  117  8:14  Barracks  
  117  8:15  Barracks  
  117  8:16  Barracks  
  117  8:17  Marine  
  113  8:34  Terran Infantry Weapons Level 2  
  113  8:35  Terran Infantry Armor Level 2  
  113  8:36  SCV  
  113  8:39  Marine x7  
  113  8:40  Marine x2  
  122  8:54  SCV x2  
  122  8:55  SCV, Supply Depot  
  125  8:56  Supply Depot, Marine  
  125  8:57  Marine x8  
  125  8:58  Supply Depot, Medivac x2  
  125  9:02  Barracks Reactor x3  
  138  9:06  SCV x2  
  138  9:07  SCV  
  121  9:14  Marine x3  
  121  9:15  Marine x3  
  121  9:17  Marine x2  
  112  9:19  SCV  
  112  9:20  Marine  
  112  9:23  Siege Tank  
  119  9:32  Marine x3  
  119  9:33  Marine x2  
  119  9:34  SCV  
  119  9:37  Marine x2  
  119  9:38  Refinery  
  127  9:41  Command Center, Marine x3  
  127  9:42  Marine x5  
  135  9:50  Marine x3  
  135  9:51  Supply Depot, Marine x2  
  140  9:55  Marine x2  
  140  9:58  Marine  
  143  10:01  Marine x7  
  150  10:07  Supply Depot, Terran Vehicle Weapons Level 1  
  150  10:08  Marine x4  
  154  10:16  Marine x4  
  154  10:17  Siege Tank  
  154  10:18  Marine  
  154  10:20  Marauder  
  164  10:23  Marine x2  
  164  10:26  Marine x3  
  169  10:34  Medivac x2  
  173  10:41  Marauder  
  174  10:45  Command Center  
  174  10:46  Liberator  
  174  10:47  Liberator  
  164  10:59  Marine x2  
  164  11:00  Marine  
  164  11:02  Marauder  
  172  11:09  Supply Depot  
  175  11:13  Marine x3  
  175  11:15  Sensor Tower, Marine x2  
  180  11:24  Marauder  
  180  11:25  Marine x6  
  185  11:26  Marine x3  
  185  11:29  Supply Depot, Liberator  
  185  11:30  Marine  
  191  11:45  Marauder  
  191  11:46  Marine x2  
  191  11:47  Medivac  
  192  12:13  Marauder, Marine x2  
  145  12:17  Marine x7, Medivac  
  145  12:18  Marine x5  
  153  12:34  Marine x3  
  156  12:41  Marine x2  
  156  12:42  Marine x8  
  156  12:43  Marine x2  
  168  12:52  Marine  
  168  12:55  Command Center  
  168  12:56  Marine x2  
  160  13:09  Marine x11  
  160  13:10  Marine x2  
  162  13:15  Marauder  
  162  13:16  Marine  
Tags
 
Add a new tag
Caveats
  • Supply blocks, unpowered buildings, or Contaminate may cause inaccurate times.
  • Supply counts are checked every 10 seconds.